 Dungeon Crawl Stone Soup version 0.29.0-4-gdea44cf6ec (webtiles) character file.

Game seed: 11480718248060255583

2 qw the Trooper (level 1, 0/18 HPs)
             Began as a Barachi Chaos Knight on Sept 4, 2022.
             Slain by a chaos spawn (16 damage)
             ... summoned by Xom
             ... on level 1 of the Dungeon.
             The game lasted 00:00:01 (62 turns).

qw the Trooper (Barachi Chaos Knight)                 Turns: 62, Time: 00:00:01

Health: 0/18       AC:  5    Str: 13    XL:     1   Next: 40%
Magic:  1/1        EV: 11    Int: 12    God:
Gold:   0          SH:  0    Dex: 11    Spells: 0/0 levels left

rFire   . . .      SeeInvis .   a - +0 hand axe (chaos)
rCold   . . .      Faith    .   (no shield)
rNeg    . . .      Spirit   .   b - +2 leather armour
rPois   .          Reflect  .   (no helmet)
rElec   .          Harm     .   (no cloak)
rCorr   .          Rampage  .   (no gloves)
Will    .....                   (no boots)
Stlth   +.........              (no amulet)
HPRegen 0.06/turn               (no ring)
MPRegen 0.07/turn               (no ring)

@: slow
A: amphibious, slowness 1, strong legs 1, +LOS
a: Hop


You were on level 1 of the Dungeon.
You visited 1 branch of the dungeon, and saw 1 of its levels.


Innate Abilities, Weirdness & Mutations

You are amphibious.
You cover ground slowly.
You can hop short distances.
You have an extended range of vision and can be seen from far away.


   Skills:
 - Level 3.6 Fighting
 + Level 3.5 Axes
 - Level 2.4 Armour
 - Level 1.1 Dodging


You couldn't memorise any spells.
You didn't know any spells.
Your spell library was empty.

Inventory:

Hand Weapons
 a - a +0 hand axe of chaos (weapon)
Armour
 b - a +2 leather armour (worn)
Miscellaneous
 c - a piece from Xom's chessboard (15/15)

Dungeon Overview and Level Annotations

Branches:
Dungeon (1/15)

Altars:


Message History

Xom does not appreciate desertion!
You open the door.
There is an open door here.
A quokka comes into view.
The quokka moves out of view.
Enter note:
Enter note: A quokka comes into view.
You hit the quokka.
The quokka is poisoned.
The quokka is heavily wounded.
The quokka barely misses you.
The quokka bites you but does no damage.
You closely miss the quokka.
The quokka is heavily wounded.
The quokka bites you.
You hit the quokka. You freeze the quokka.
You kill the quokka!
You hit the quokka.
The quokka resists with significant effort.
The quokka closely misses you.
You hit the quokka.
You kill the quokka!
You start resting. "Fight to survive, mortal."
A chaos spawn comes into view.
You hit the red devil.
The red devil seems to grow stronger.
The red devil is lightly wounded.
You hit the crimson imp but do no damage.
Space warps horribly around the crimson imp!
You hit the white imp.
You hit the chaos spawn but do no damage.
The chaos spawn goes berserk!
You hit the ynoxinul. You hit the crimson imp.
The crimson imp is almost dead.
You hit the red devil but do no damage. You closely miss the white imp.
You barely miss the chaos spawn. You hit the ynoxinul but do no damage.
The chaos spawn hits you!
Ouch! That really hurt!
You die... "Huh?
Did I miss anything?"

#. ... #.#.. #
##. #..... ...
....#.#.. ..
#.......
#.####...#.##.#
##....45435.
#.. ......44%3#
#.# #5@# #.#
#54## #.# #455#
#.# #...# #.#
#...# #.#
##.#####.#####
#...........#
#.#####.....#
#.#
#####.###+##


You could see a sun demon (summoned), an orange demon (summoned), a ynoxinul
(summoned), 4 chaos spawn, a red devil (summoned, strong), 3 crimson imps, 2
white imps and a shadow imp (summoned).

Vanquished Creatures
  2 quokkas (D:1)
2 creatures vanquished.

Notes
Turn   | Place    | Note
-------+----------+-------------------------------------------
     0 | D:1      | qw the Barachi Chaos Knight began the quest for the Orb.
     0 | D:1      | Reached XP level 1. HP: 18/18 MP: 1/1
     0 | D:1      | 0 ||| qw: Version: 0.1-a-103-gd6f5d3a
     0 | D:1      | 0 ||| qw: Game counter: 5462
     0 | D:1      | 0 ||| qw: Always use a shield: true
     0 | D:1      | 0 ||| qw: God list: Okawaru
     0 | D:1      | 0 ||| qw: Allow faded altars: false
     0 | D:1      | 0 ||| qw: Do Orc after D:15 true
     0 | D:1      | 0 ||| qw: Do second Lair branch before Depths: true
     0 | D:1      | 0 ||| qw: Lair rune preference: random
     0 | D:1      | 0 ||| qw: Plans: Normal
     0 | D:1      | 0 ||| PLANNING D:1-11
     0 | D:1      | Fell from the grace of Xom
    60 | D:1      | XOM: summons 14 hostile demons
    61 | D:1      | Noticed a chaos spawn
    61 | D:1      | Noticed a chaos spawn
    61 | D:1      | Noticed a sun demon
    61 | D:1      | Noticed a ynoxinul
    61 | D:1      | Noticed a chaos spawn
    61 | D:1      | Noticed a red devil
    61 | D:1      | Noticed a crimson imp
    61 | D:1      | Noticed an orange demon
    61 | D:1      | Noticed a chaos spawn
    61 | D:1      | Noticed a crimson imp
    61 | D:1      | Noticed a crimson imp
    62 | D:1      | Slain by a chaos spawn

Levels and vault maps discovered:
D:1:      dpeg_arrival_houses_and_road, layout_loops_ring,
          dreamdust_ecumenical_altar_drowned_temple, minmay_split_cup_large

Action                   || total
-------------------------++-------
Melee: Hand axe          ||     6
Invok: Renounce Religion ||     1
Armor: Leather armour    ||     1
Dodge: Dodged            ||     2

Table legend:
 A = Non-vault XP
 B = Vault XP
 C = Vault XP percentage of total XP
 D = Non-vault monster count
 E = Vault monster count
 F = Vault count percentage of total count
                 A         B        C        D         E       F
            +---------+---------+-------+---------+---------+-------
      Total |       4 |       0 |   0.0 |       2 |       0 |   0.0
            +---------+---------+-------+---------+---------+-------
        D:1 |       4 |       0 |   0.0 |       2 |       0 |   0.0
            +---------+---------+-------+---------+---------+-------
